 Dungeon Crawl Stone Soup version 0.17-a0-1468-gbf503c2 (webtiles) character file.

909 pulse the Cleaver (level 8, 0/61 HPs)
             Began as a Formicid Berserker on July 1, 2015.
             Was an Elder of Trog.
             Slain by Grinder (7 damage)
             ... on level 5 of the Dungeon.
             The game lasted 00:08:57 (4796 turns).

pulse the Cleaver (Formicid Berserker)              Turns: 4796, Time: 00:08:57

Health: 0/61       AC:  4    Str: 23 (24) XL:     8   Next: 29%
Magic:  8/8        EV: 10    Int:  6 (7)  God:    Trog [****..]
Gold:   93         SH:  0    Dex: 10      Spells: 0 memorised, 7 levels left

rFire  . . .     SeeInvis +     k - +5 mace (drain)
rCold  + . .     Clarity  .     e - +0 scale mail
rNeg   . . .     SustAt   .     (no shield)
rPois  .         Gourm    .     (helmet unavailable)
rElec  .         Spirit   .     (no cloak)
rCorr  .         Warding  .     (no gloves)
rMut   .         Stasis   +     (no boots)
MR     .....                    (no amulet)
Stlth  ..........               (no ring)
                                o - ring of protection from cold

@: lethally poisoned (0 -> -3), not resistant to hostile enchantments, extremely
unstealthy
A: permanent stasis, dig shafts and tunnels, four strong arms, antennae 3,
deformed body, deterioration 1, screaming 1
a: Dig, Shaft Self, Burn Spellbooks, Trog's Hand, Brothers in Arms, Renounce
Religion


You were on level 5 of the Dungeon.
You worshipped Trog.
Trog was greatly pleased with you.
You were not hungry.

You visited 1 branch of the dungeon, and saw 5 of its levels.

You collected 171 gold pieces.
You spent 78 gold pieces at shops.

Inventory:

Hand weapons
 a - a +0 hand axe
 k - a +5 mace of draining (weapon)
Armour
 e - a +0 scale mail (worn)
Jewellery
 o - a ring of protection from cold (left hand)
Scrolls
 b - a scroll of identify
Potions
 h - a potion of curing
 j - 2 potions of haste
 m - a potion of cancellation
 p - a potion of degeneration
 q - a potion of might
 r - a potion of agility
 s - a potion of magic
Comestibles
 c - 2 bread rations
 d - a royal jelly


   Skills:
 + Level 4.3 Fighting
 * Level 8.5 Axes
 + Level 4.1 Armour
 - Level 1.7 Dodging


You had 7 spell levels left.
You didn't know any spells.

Dungeon Overview and Level Annotations

Branches:
Dungeon (5/15)             Temple (0/1) D:4

Altars:
Ru
The Shining One

Shops:
D:4 *

Annotations:
D:5 Grinder


Innate Abilities, Weirdness & Mutations

You are under a permanent stasis effect.
You can dig through walls and to a lower floor.
Your four strong arms can wield two-handed weapons with a shield.
You have a pair of large antennae on your head (SInv).
Armour fits poorly on your strangely shaped body.
Your body sometimes deteriorates upon taking damage.
You occasionally shout uncontrollably at your foes.


Message History

* * * LOW HITPOINT WARNING * * *
You are too injured to fight recklessly!
You are too injured to fight recklessly!
You are too injured to fight recklessly!
You are too injured to fight recklessly!
You are too injured to fight recklessly!
You sock Grinder!
Grinder is almost dead.
The worker ant bites you.
* * * LOW HITPOINT WARNING * * *
Grinder hits you!
* * * LOW HITPOINT WARNING * * *
Your body deteriorates!
You feel dopey.
You writhe in agony. x2
Drink which item? (? for menu, Esc to quit)
You feel better. The worker ant bites you.
* * * LOW HITPOINT WARNING * * *
You are poisoned.
The worker ant poisons you! Grinder hits you!
You die...

#####...#........
#.......#.........
#.......#.........
#........<........
#.................
#......#..........
#.....$#..........
#......#..........
####......@5#####
#.........a#
#.........#....
#.....#...#.....
#.....#...# .....
#.....#...# .....
#.....#...# ....
#.....#...# ....
#.....#...#


You could see Grinder and a worker ant.

Vanquished Creatures
  Sigmund (D:3)
  Duvessa (D:4)
  A phantom (D:4)
  An ice beast (D:3)
  Dowan (D:4)
  2 hounds (D:4)
  An orc wizard (D:3)
  2 iguanas (D:4)
  Natasha (D:3)
  A worker ant (D:4)
  Robin (D:3)
  7 adders
  A gnoll (D:1)
  An ooze (D:3)
  5 worms
  2 giant geckos (D:2)
  2 orcs
  A bat skeleton (D:4)
  3 giant cockroaches
  14 hobgoblins
  12 jackals
  13 kobolds
  11 bats
  4 giant newts
  23 goblins
  3 quokkas
  10 rats
  A plant (D:2)
126 creatures vanquished.

Notes
Turn   | Place    | Note
--------------------------------------------------------------
     0 | D:1      | pulse the Formicid Berserker began the quest for the Orb.
     0 | D:1      | Reached XP level 1. HP: 18/18 MP: 1/1
    36 | D:1      | Reached XP level 2. HP: 2/24 MP: 2/2
   486 | D:1      | Reached skill level 4 in Axes
   486 | D:1      | Reached XP level 3. HP: 26/29 MP: 3/3
   801 | D:2      | Found a glowing golden altar of the Shining One.
   815 | D:2      | Acquired Trog's second power
   999 | D:2      | Reached XP level 4. HP: 31/35 MP: 4/4
  1647 | D:2      | Reached skill level 5 in Axes
  2248 | D:3      | Reached XP level 5. HP: 35/41 MP: 5/5
  2368 | D:3      | Noticed Sigmund
  2372 | D:3      | Gained mutation: Armour fits poorly on your strangely shaped body. [potion of mutation]
  2372 | D:3      | Gained mutation: Your body sometimes deteriorates upon taking damage. [potion of mutation]
  2372 | D:3      | Gained mutation: You occasionally shout uncontrollably at your foes. [potion of mutation]
  2385 | D:3      | Killed Sigmund
  2385 | D:3      | Reached skill level 6 in Axes
  2385 | D:3      | Reached XP level 6. HP: 11/47 MP: 6/6
  2724 | D:3      | Noticed an ice beast
  2748 | D:3      | Killed an ice beast
  2748 | D:3      | Reached skill level 7 in Axes
  2748 | D:3      | Reached XP level 7. HP: 12/52 MP: 7/7
  3016 | D:3      | Found a sacrificial altar of Ru.
  3208 | D:3      | Noticed Robin
  3212 | D:3      | Killed Robin
  3527 | D:3      | Noticed Natasha
  3532 | D:3      | Killed Natasha
  3534 | D:3      | Acquired Trog's third power
  3573 | D:4      | Noticed Dowan
  3576 | D:4      | Noticed Duvessa
  3584 | D:4      | Killed Duvessa
  3584 | D:4      | Reached skill level 8 in Axes
  3591 | D:4      | Killed Dowan
  3922 | D:4      | Found a staircase to the Ecumenical Temple.
  3957 | D:4      | Reached XP level 8. HP: 36/60 MP: 8/8
  4245 | D:4      | Found Bosan's General Store.
  4257 | D:4      | Bought a potion of might for 52 gold pieces
  4257 | D:4      | Bought a scroll of identify for 26 gold pieces
  4762 | D:5      | Entered Level 5 of the Dungeon
  4772 | D:5      | Noticed Grinder
  4795 | D:5      | HP: 3/61 [Grinder (7)]
  4796 | D:5      | Slain by Grinder

Vault maps used:
D:1:      dpeg_arrival_oval, roderic_malta_cross
D:2:      wad_crossroads, lemuel_round_altar, serial_forest,
          infiniplex_forest_lined_3, infiniplex_forest_join,
          infiniplex_forest_lined_room_3, infiniplex_forest_clump_medium,
          infiniplex_forest_lined_4_way, infiniplex_forest_clump_small,
          infiniplex_forest_corner_1, infiniplex_forest_straight_4
D:3:      minmay_misc_feat_ornament, glass_columns_b,
          nicolae_ru_great_annihilating_truth, uniq_robin, uniq_natasha,
          uniq_sigmund, uniq_terence
D:4:      minmay_temple_entry_statues, serial_shops, shop, uniq_duvessa
D:5:      gammafunk_temple_overflow_wave, first_bread,
          lightli_ossuary_entry_decrepit_ruins,
          nemelex_xobeh_ov_fountains_minmay, uniq_crazy_yiuf_cottage,
          uniq_edmund, uniq_prince_ribbit1, uniq_grinder

Action                   |  1- 3 |  4- 6 |  7- 9 || total
-------------------------+-------+-------+-------++-------
Melee: Hand axe          |   101 |   222 |    88 ||   411
       Mace              |       |       |   115 ||   115
Invok: Trog's Hand       |       |     2 |       ||     2
  Use: Potion            |       |     2 |     1 ||     3
       Scroll            |       |     1 |     9 ||    10
  Eat: Chunk             |       |     4 |     3 ||     7
       Royal jelly       |       |     1 |       ||     1
       Beef jerky        |       |     1 |       ||     1
       Meat ration       |       |       |     1 ||     1
       Pizza             |       |       |     1 ||     1
